 Dungeon Crawl Stone Soup version 0.28-a0-1227-ga9037bb4c8 (webtiles) character file.

Game seed: 9249360285806607413

35 rogsnak the Gusty (level 3, 0/24 HPs)
             Began as a Demonspawn Air Elementalist on Dec 22, 2021.
             Killed from afar by Natasha (6 damage)
             ... with a magic dart
             ... on level 2 of the Dungeon.
             The game lasted 00:01:41 (1232 turns).

rogsnak the Gusty (Demonspawn Air Elementalist)     Turns: 1232, Time: 00:01:42

Health: 0/24       AC:  5    Str:  8    XL:     3   Next: 17%
Magic:  1/6        EV: 12    Int: 24    God:
Gold:   40         SH:  0    Dex: 13    Spells: 5/6 levels left

rFire   . . .      SeeInvis .   b - +0 short sword
rCold   . . .      Faith    .   (no shield)
rNeg    . . .      Spirit   .   a - +0 robe
rPois   .          Reflect  .   (no helmet)
rElec   .          Harm     .   (no cloak)
rCorr   .          Rampage  .   e - +2 pair of gloves
Will    .....                   (no boots)
Stlth   ++........              (no amulet)
HPRegen 0.08/turn               h - +6 ring of intelligence
MPRegen 0.20/turn               (no ring)

@: no status effects
A: spiny 1, magic regeneration
a: no special abilities


You were on level 2 of the Dungeon.
You visited 1 branch of the dungeon, and saw 2 of its levels.

You collected 40 gold pieces.

Inventory:

Hand Weapons
 b - a +0 short sword (weapon)
 d - a +0 halberd
Missiles
 c - 6 atropa-tipped darts
Armour
 a - a +0 robe (worn)
 e - a +2 pair of gloves (worn)
Jewellery
 h - a +6 ring of intelligence (left hand)
Scrolls
 g - a scroll of teleportation {unknown}
 i - 3 scrolls of vulnerability {unknown}
 k - a scroll of summoning {unknown}
Potions
 f - a potion of invisibility {unknown}
 j - a potion of flight {unknown}
 l - a potion of berserk rage {unknown}


   Skills:
 + Level 1.9 Dodging
 - Level 1.7 Stealth
 + Level 2.4 Spellcasting
 * Level 1.4 Conjurations
 + Level 3.3 Air Magic


You had 5 spell levels left.
You knew the following spells:

 Your Spells              Type           Power      Damage    Failure   Level
a - Shock                 Conj/Air       56%        1d6       4%          1

Your spell library contained the following spells:

 Spells                   Type           Power      Damage    Failure   Level
 Static Discharge         Conj/Air       14%        N/A       6%          2
 Swiftness                Air            19%        N/A       9%          3
 Airstrike                Air            9%         N/A       28%         4


Dungeon Overview and Level Annotations

Branches:
Dungeon (2/15)

Altars:

Annotations:
D:2 Natasha


Innate Abilities, Weirdness & Mutations

You are partially covered in sharp spines.
You regenerate magic rapidly.


Message History

Unknown command.
Casting: Shock (safe; 4% risk of failure)
Confirm with . or Enter, or press ? or * to list all spells.
Aiming: Shock (safe; 4% risk of failure)
Press: ? - help, Shift-Dir - straight line The zap hits Natasha.
Natasha is lightly wounded.
Natasha casts a spell at you. You resist with significant effort.
Natasha claws you.
Unknown command.
Casting: Shock (safe; 4% risk of failure)
Confirm with . or Enter, or press ? or * to list all spells.
Aiming: Shock (safe; 4% risk of failure)
Press: ? - help, Shift-Dir - straight line The zap misses Natasha.
Natasha barely misses you.
Unknown command.
Casting: Shock (safe; 4% risk of failure)
Confirm with . or Enter, or press ? or * to list all spells.
Aiming: Shock (safe; 4% risk of failure)
Press: ? - help, Shift-Dir - straight line The zap misses Natasha.
Natasha completely misses you. Natasha barely misses you.
Unknown command.
Casting: Shock (safe; 4% risk of failure)
Confirm with . or Enter, or press ? or * to list all spells.
Aiming: Shock (safe; 4% risk of failure)
Press: ? - help, Shift-Dir - straight line The zap hits Natasha.
Natasha is lightly wounded.
Natasha claws you.
Unknown command.
Casting: Shock (safe; 4% risk of failure)
Confirm with . or Enter, or press ? or * to list all spells.
Aiming: Shock (safe; 4% risk of failure)
Press: ? - help, Shift-Dir - straight line The zap misses Natasha.
Natasha claws you.
* * * LOW HITPOINT WARNING * * *
Natasha stares at you and mumbles some strange words.
The magic dart hits you.
You die...

...............
#..##.........# ##########
#..#####......# #........#
#..#........### #........#
#..#........# ..###........#
#..#........#
............5####.#........#
.......######h.............#
....... #@.............#
#.#....
.###....#......#'#### #
#.... .........†......#.....
#...h ..###...........#.####
#.... ##.....#.####'## .....
#.....#..##)..#
....###.....#..##...#
............#..##...#
......####.#.......#


You could see Natasha (fast) and a white imp (summoned).

Vanquished Creatures
  Natasha (D:2)
  A ball python (D:1)
  A bat (D:1)
  An endoplasm (D:1)
  A goblin (D:1)
  A hobgoblin (D:2)
  A quokka (D:1)
  A frilled lizard (D:1)
  2 kobolds
  A rat (D:1)
11 creatures vanquished.

Notes
Turn   | Place    | Note
-------+----------+-------------------------------------------
     0 | D:1      | rogsnak the Demonspawn Air Elementalist began the quest for
                  | the Orb.
     0 | D:1      | Reached XP level 1. HP: 13/13 MP: 3/3
   391 | D:1      | Reached skill level 3 in Air Magic
   997 | D:1      | Gained mutation: You are partially covered in sharp spines.
                  | [demonic ancestry]
   997 | D:1      | Reached XP level 2. HP: 19/19 MP: 0/5
  1121 | D:2      | Noticed Natasha
  1126 | D:2      | Killed Natasha
  1127 | D:2      | Gained mutation: You regenerate magic rapidly. [demonic
                  | ancestry]
  1127 | D:2      | Reached XP level 3. HP: 24/24 MP: 1/6
  1182 | D:2      | Noticed Natasha
  1232 | D:2      | Killed from afar by Natasha

Illustrated notes

Levels and vault maps discovered:
D:1:      heliophobic_arrival_ceremonial_halls, layout_rooms,
          serial_co_window_serial, co_window_of_opportunity_a,
          co_window_cross_1, co_window_corner_a, co_window_corner_a,
          co_window_corner_a, co_window_paths_a, co_window_paths_a,
          co_window_paths_a, co_window_paths_b, co_window_broadway_c,
          co_window_cross_3, co_window_2corner, co_window_corner_b,
          glass_columns_c, glass_columns_c, glass_columns_a
D:2:      layout_basic, basic_altar, uniq_natasha

Skill      XL: |  1 |
---------------+----+-----
Air Magic      | 3 |  3.3
Dodging        | |  1.9
Stealth        | |  1.7
Spellcasting   | |  2.4
Conjurations   | |  1.4

Action                   || total
-------------------------++-------
 Cast: Shock             ||    27
Armor: Robe              ||     1
Dodge: Dodged            ||     4

Table legend: (Time is in decaauts)
 A = Elapsed time spent in this place.
 B = Non-inter-level travel time spent in this place.
 C = Inter-level travel time spent in this place.
 D = Time resting spent in this place.
 E = Time spent auto-exploring this place.
 F = Levels seen in this place.
 G = Mean time per level.
                   A        B        C        D        E       F      G
               +--------+--------+--------+--------+--------+-----+--------+
         Total |   1230 |   1188 |     42 |    116 |    941 |   2 |  615.0 |
       Dungeon |   1230 |   1188 |     42 |    116 |    941 |   2 |  615.0 |
               +--------+--------+--------+--------+--------+-----+--------+

Top non-repeatable levels by time:
     D:1: 1101 daAuts
     D:2: 129 daAuts
